 Dungeon Crawl Stone Soup version 0.25-a0-705-ge9988fc0fb (webtiles) character file.

Game seed: 4103775376529685603, levelgen mode: deterministic

1803 Brecoman the Destroyer (level 9, -8/54 HPs)
             Began as a Tengu Conjurer on Apr 3, 2020.
             Was a Follower of Vehumet.
             Mangled by a black bear (11 damage)
             ... on level 6 of the Dungeon.
             The game lasted 00:35:55 (7750 turns).

Brecoman the Destroyer (Tengu Conjurer)             Turns: 7750, Time: 00:35:56

Health: -8/54      AC:  8    Str: 10    XL:     9   Next: 9%
Magic:  5/17       EV: 18    Int: 17    God:    Vehumet [*.....]
Gold:   455        SH:  0    Dex: 15    Spells: 11/18 levels left

rFire    + . .     SeeInvis .   D - +1 whip (elec)
rCold    . . .     Gourm    .   (no shield)
rNeg     . . .     Faith    .   y - +1 leather armour {rF+}
rPois    .         Spirit   .   (helmet restricted)
rElec    .         Reflect  .   z - +2 cloak
rCorr    .         Harm     .   F - +0 pair of gloves
MR       .....                  (boots unavailable)
Stlth    ++........             (no amulet)
HPRegen  0.18/turn              (no ring)
MPRegen  0.15/turn              (no ring)

@: flying quickly and evasively, quick
A: beak, talons 3, able to fly
a: Stop Flying, Renounce Religion


You were on level 6 of the Dungeon.
You worshipped Vehumet.
Vehumet was aware of your devotion.
You were not hungry.

You visited 2 branches of the dungeon, and saw 8 of its levels.
You also visited: Ossuary.

You collected 455 gold pieces.

Inventory:

Hand Weapons
 e - a +0 dagger
 j - a +1 short sword of flaming
 x - a +0 hand axe of venom
 D - a +1 whip of electrocution (weapon)
Missiles
 m - 166 stones
 p - 8 poisoned darts (quivered)
Armour
 a - a +0 robe
 n - a +0 pair of gloves
 y - a +1 leather armour of fire resistance (worn)
 z - a +2 cloak (worn)
 F - a +0 pair of gloves (worn)
Jewellery
 w - an uncursed amulet of magic regeneration
 B - an uncursed ring of see invisible {unknown}
Wands
 C - a wand of flame (23)
 L - a wand of iceblast (9)
Scrolls
 d - 3 scrolls of fog
 g - a scroll of noise
 h - 3 scrolls of remove curse
 k - 6 scrolls of identify
 u - a scroll of enchant armour
 A - a scroll of blinking
 G - 2 scrolls of vulnerability {unknown}
 I - 2 scrolls of immolation {unknown}
Potions
 b - 5 potions of curing
 f - a potion of invisibility {unknown}
 i - a potion of might {unknown}
 l - 2 potions of stabbing {unknown}
 o - 3 potions of ambrosia {unknown}
 q - a potion of degeneration
 r - a potion of resistance {unknown}
 s - 3 potions of lignification {unknown}
 t - a potion of flight {unknown}
 v - a potion of haste {unknown}
 E - 2 potions of heal wounds {unknown}
 H - a potion of berserk rage {unknown}
 K - a potion of brilliance {unknown}
Comestibles
 c - 10 rations
 J - 2 chunks of flesh


   Skills:
 + Level 5.1 Fighting
 + Level 6.2 Dodging
 - Level 3.5 Stealth
 + Level 5.2 Spellcasting
 + Level 8.7 Conjurations
 * Level 1.6 Hexes
 + Level 1.7 Air Magic


You had 11 spell levels left.
You knew the following spells:

 Your Spells              Type           Power        Failure   Level  Hunger
a - Magic Dart            Conj           ####         1%          1    None
b - Searing Ray           Conj           ####..       1%          2    #......
c - Dazzling Flash        Conj/Hex       ###...       7%          3    ###....
d - Shock                 Conj/Air       ###.         2%          1    None

Your spell library contained the following spells:

 Spells                   Type           Power        Failure   Level  Hunger
 Fulminant Prism          Conj/Hex       ###.......   22%         4    ####...
 Confusing Touch          Hex            #.......     28%         3    ###....
 Iskenderun's Mystic Bla  Conj/Tloc      ###.....     30%         4    ####...
 Gell's Gravitas          Tloc           #.........   50%         3    ###....
 Petrify                  Tmut/Erth      #.......     88%         4    ####...
 Metabolic Englaciation   Hex/Ice        #.........   98%         5    ######.
 Yara's Violent Unravell  Hex/Tmut       #.........   98%         5    ######.


Dungeon Overview and Level Annotations

Branches:
Dungeon (7/15)             Temple (1/1) D:5         Ossuary (visited)

Altars:
Cheibriados
Dithmenos
Elyvilon
Fedhas
Gozag
Hepliaklqana
Kikubaaqudgha
Makhleb
Nemelex Xobeh
Okawaru
Qazlal
Ru
Sif Muna
Trog
Uskayaw
Vehumet
Wu Jian
Xom
Yredelemnul
Zin
The Shining One

Annotations:
D:3 2 transporters, Xerdoz's ghost, amateur NaWz
D:4 exclusions: ogre and worker ant, Dowan


Innate Abilities, Weirdness & Mutations

You have a beak for a mouth.
You have claws for feet.
You can fly continuously.


Message History

The black bear bites you.
* * * LOW HITPOINT WARNING * * *
The black bear completely misses you. x2; The black bear misses you.
The black bear barely misses you.
The black bear claws you but does no damage.
Casting: Magic Dart (safe; 1% risk of failure)
Confirm with . or Enter, or press ? or * to list all spells.
The black bear barely misses you. The black bear misses you.
The black bear claws you.
* * * LOW HITPOINT WARNING * * *
Casting: Dazzling Flash (safe; 7% risk of failure)
Confirm with . or Enter, or press ? or * to list all spells.
Aiming: Magic Dart (safe; 1% risk of failure)
Press: ? - help, Shift-Dir - straight line, f/p - black bear
Aim: a black bear (almost dead, berserk, fast, unusually strong)
The magic dart hits the black bear.
The black bear is almost dead.
The black bear misses you. The black bear barely misses you. x2
The black bear bites you!
You die...

.####.####.......#.....##
.# #..#................# .#
#...................## .#
#....................## ##
###...................#
.#######..####...........##
##.#......# #............##
#....#...##
##..h..........#
..#####.###
#...@รท.......### ....#
#...###.#[........##
...#####...............##
.....#.#...#..........###
...........##...........#
.....#.##.........#.....#
....##............#....##
.............###.......#
.....###..............##


You could see a black bear (berserk).

Vanquished Creatures
  Pikel (D:5)
  Menkaure (D:5)
  2 water moccasins (D:6)
  An orc warrior (D:5)
  3 slaves
  A sky beast (D:6)
  A phantom (D:4)
  A bullfrog (D:6)
  2 crimson imps (D:6)
  A centaur zombie (D:5)
  A quasit (D:5)
  3 hounds
  Crazy Yiuf (D:5)
  An iguana (D:5)
  An orc wizard (D:3)
  2 worker ants
  A hound zombie (D:6)
  8 mummies (Ossuary)
  5 adders
  4 gnolls (D:5)
  A shadow imp (D:6)
  2 oozes
  2 worms
  2 adder skeletons
  An adder zombie (D:5)
  2 dart slugs
  5 leopard geckos
  26 orcs
  3 ball pythons
  4 giant cockroaches
  A gnoll zombie (Ossuary)
  9 goblins
  6 hobgoblins
  12 jackals
  A quokka (D:6)
  7 bats
  6 frilled lizards
  2 goblin zombies (D:6)
  2 hobgoblin zombies (Ossuary)
  8 kobolds
  2 kobold zombies (Ossuary)
  3 orc zombies (Ossuary)
  A quokka skeleton (D:5)
  A quokka zombie (D:6)
  7 rats
157 creatures vanquished.

Notes
Turn   | Place    | Note
-------+----------+-------------------------------------------
     0 | D:1      | Brecoman the Tengu Conjurer began the quest for the Orb.
     0 | D:1      | Reached XP level 1. HP: 10/10 MP: 4/4
   126 | D:1      | Reached XP level 2. HP: 16/16 MP: 0/6
   322 | D:1      | Learned a level 2 spell: Searing Ray
   761 | D:1      | Reached XP level 3. HP: 18/20 MP: 7/7
  1037 | D:2      | Reached skill level 1 in Fighting
  1495 | D:2      | Reached XP level 4. HP: 25/25 MP: 5/8
  2003 | D:3      | Found a transporter.
  2010 | D:3      | Noticed Xerdoz's ghost (amateur NaWz)
  2179 | D:3      | Reached skill level 6 in Conjurations
  2179 | D:3      | Gained mutation: You can fly continuously. [Tengu growth]
  2179 | D:3      | Reached XP level 5. HP: 29/30 MP: 3/10
  2358 | D:3      | Found a transporter.
  2695 | D:4      | Noticed an ogre
  2724 | D:4      | Noticed Dowan
  2754 | D:4      | Learned a level 3 spell: Dazzling Flash
  3305 | D:4      | Noticed a phantom
  3442 | D:4      | Killed a phantom
  3442 | D:4      | Reached XP level 6. HP: 29/36 MP: 0/11
  3634 | D:5      | Entered Level 5 of the Dungeon
  3796 | D:5      | Found a staircase to the Ecumenical Temple.
  3802 | Temple   | Entered the Ecumenical Temple
  3934 | Temple   | Became a worshipper of Vehumet
  3959 | D:5      | Noticed Menkaure
  4017 | D:5      | Found a runed translucent door.
  4018 | D:5      | Noticed Crazy Yiuf
  4426 | D:5      | Noticed a slave
  4427 | D:5      | Noticed a slave
  4427 | D:5      | Noticed a slave
  4427 | D:5      | Noticed a slave
  4428 | D:5      | Noticed Pikel
  4482 | D:4      | Killed a slave
  4617 | D:5      | Killed a slave
  4892 | D:5      | Reached XP level 7. HP: 11/41 MP: 6/13
  5656 | D:5      | Killed Pikel
  5656 | D:5      | Reached skill level 5 in Dodging
  5656 | D:5      | Reached skill level 7 in Conjurations
  5656 | D:5      | Reached XP level 8. HP: 22/48 MP: 2/15
  5875 | D:5      | Killed Menkaure
  6085 | D:5      | Killed Crazy Yiuf
  6167 | D:6      | Reached skill level 8 in Conjurations
  6675 | D:6      | Found a sand-covered staircase.
  6682 | Ossuary  | Entered an ossuary
  6736 | Ossuary  | Reached * piety under Vehumet
  6736 | Ossuary  | Offered knowledge of Shock by Vehumet.
  6736 | Ossuary  | Reached skill level 5 in Spellcasting
  6739 | Ossuary  | Learned a level 1 spell: Shock
  6991 | D:6      | Found a white marble altar of Elyvilon.
  7097 | D:6      | Reached skill level 5 in Fighting
  7097 | D:6      | Reached skill level 1 in Hexes
  7097 | D:6      | Reached skill level 1 in Air Magic
  7097 | D:6      | Reached XP level 9. HP: 21/54 MP: 14/17
  7630 | D:6      | Found a hide-covered altar of Uskayaw.
  7750 | D:6      | Mangled by a black bear

Levels and vault maps discovered:
D:1:      dpeg_arrival_tiny_g, layout_basic, minmay_pentomino_p2
D:2:      layout_rooms, first_ration, minmay_misc_feat_enclosed
D:3:      layout_basic, gammafunk_ghost_stat_death, minmay_unequal
D:4:      layout_rooms, uniq_duvessa
D:5:      layout_cave_pods, temple_green, uniq_pikel, uniq_menkaure,
          uniq_crazy_yiuf_cottage
D:6:      layout_cave_pools, lemuel_coloured_pillars_altar, enter_ossuary_4,
          elyvilon_altar_1
D:7:      minmay_recursive_quarters, layout_rooms, lemuel_doored_altar,
          grunt_livestock, nicolae_elemental_shop, roderic_roman_lattice,
          nicolae_sextant, st_stairs_10
Temple:   regret_index_temple_chain_breaker

Skill      XL: |  1  2  3  4  5  6  7  8 |
---------------+-------------------------+-----
Fighting       | 1 2 3 4 5 |  5.1
Dodging        | 3 4 5 6 |  6.2
Conjurations   | 6 7 8 |  8.7
Stealth        | 3 |  3.5
Spellcasting   | 3 4 5 |  5.2
Hexes          | 1 |  1.6
Air Magic      | 1 |  1.7

Action                   |  1- 3 |  4- 6 |  7- 9 || total
-------------------------+-------+-------+-------++-------
Melee: Dagger            |     6 |       |       ||     6
       Kick              |     5 |    22 |    39 ||    66
       Short sword       |    26 |    31 |       ||    57
       Peck              |     4 |     9 |    34 ||    47
       Hand axe          |       |    54 |    14 ||    68
       Whip              |       |       |   143 ||   143
Throw: Dart              |     2 |     1 |       ||     3
 Cast: Magic Dart        |    45 |   127 |    39 ||   211
       Searing Ray       |     1 |     7 |     7 ||    15
       Shock             |       |       |     3 ||     3
       Dazzling Flash    |       |       |     4 ||     4
 Abil: Fly               |       |     1 |       ||     1
  Use: Scroll            |       |     7 |     2 ||     9
       Potion            |       |     3 |       ||     3
 Stab: Sleeping          |     1 |     1 |     2 ||     4
       Distracted        |       |       |     1 ||     1
       Invisible         |       |       |     2 ||     2
  Eat: Chunk             |     2 |     9 |     5 ||    16
       Ration            |       |     1 |     1 ||     2
Armor: Robe              |     7 |     3 |       ||    10
       Leather armour    |       |     6 |    44 ||    50
Dodge: Dodged            |    29 |    74 |   214 ||   317

Table legend:
 A = Non-vault XP
 B = Vault XP
 C = Vault XP percentage of total XP
 D = Non-vault monster count
 E = Vault monster count
 F = Vault count percentage of total count
                 A         B        C        D         E       F
            +---------+---------+-------+---------+---------+-------
      Total |    1612 |     965 |  37.4 |     129 |      25 |  16.2
            +---------+---------+-------+---------+---------+-------
        D:1 |      36 |       2 |   5.3 |      22 |       2 |   8.3
        D:2 |      75 |       0 |   0.0 |      16 |       0 |   0.0
        D:3 |      99 |       1 |   1.0 |      25 |       1 |   3.8
        D:4 |     214 |       0 |   0.0 |      20 |       0 |   0.0
        D:5 |     468 |     798 |  63.0 |      20 |       3 |  13.0
        D:6 |     720 |      13 |   1.8 |      26 |       3 |  10.3
    Ossuary |       0 |     151 | 100.0 |       0 |      16 | 100.0
            +---------+---------+-------+---------+---------+-------
